 Dungeon Crawl Stone Soup version 0.31-a0-1612-g4aaf141004 (webtiles) character file.

Game seed: 9751531567974838141

165 grandjackal the Trooper (level 5, 28/42 HPs)
             Began as a Demonspawn Fighter on Jan 9, 2024.
             Quit the game on level 4 of the Dungeon.
             The game lasted 00:02:35 (3029 turns).

grandjackal the Trooper (Demonspawn Fighter)        Turns: 3029, Time: 00:02:36

Health: 28/42      AC: 20    Str: 18    XL:     5   Next: 21%
Magic:  5/5        EV:  9    Int:  9    God:
Gold:   56         SH:  4    Dex: 12    Spells: 4/4 levels left

rFire   . . .        a - +0 war axe
rCold   . . .        c - +0 buckler
rNeg    . . .        b - +0 scale mail
rPois   .            (helmet restricted)
rElec   .            (no cloak)
rCorr   .            u - +1 pair of gloves {hurl}
SInv    .            l - +2 pair of boots
Will    .....        (no amulet) Stlth
                     k - +4 ring of protection
HPRegen 0.27/turn    i - +4 ring of protection
MPRegen 0.09/turn

%: no passive effects
@: no status effects
A: antennae 1, demonic guardian 2
a: no special abilities


You were on level 4 of the Dungeon.
You visited 1 branch of the dungeon, and saw 4 of its levels.

You collected 183 gold pieces.
You spent 127 gold pieces at shops.

Inventory:

Hand Weapons
 a - a +0 war axe (weapon)
 s - a +0 flail
Missiles
 e - 2 curare-tipped darts (quivered)
Armour
 b - a +0 scale mail (worn)
 c - a +0 buckler (worn)
 l - a +2 pair of boots (worn)
 u - a +1 pair of gloves of hurling (worn)
Jewellery
 i - a +4 ring of protection (right hand)
 k - a +4 ring of protection (left hand)
 r - a +6 ring of strength
Scrolls
 f - 2 scrolls of revelation {unknown}
 h - 2 scrolls of poison {unknown}
 j - 2 scrolls of teleportation {unknown}
 m - a scroll of butterflies {unknown}
 n - 2 scrolls of torment {unknown}
 q - a scroll of noise {unknown}
 t - a scroll of identify {unknown}
 v - 2 scrolls of fog {unknown}
Potions
 d - 3 potions of might
 g - a potion of brilliance {unknown}
 o - a potion of heal wounds {unknown}
 p - 4 potions of magic {unknown}


   Skills:
 + Level 4.1 Fighting
 + Level 3.0 Axes
 - Level 3.0 Armour
 + Level 3.7 Shields


You had 4 spell levels left.
You didn't know any spells.
Your spell library contained the following spells:

 Spells                   Type           Power      Damage    Failure   Level
 Sandblast                Erth           0%         2d4       85%         1
 Ensorcelled Hibernation  Hex/Ice        0%         N/A       94%         2
 Passwall                 Erth           0%         N/A       99%         3
 Stone Arrow              Conj/Erth      0%         3d7       99%         3
 Swiftness                Air            0%         N/A       99%         3
 Brom's Barrelling Bould  Conj/Erth      0%         2d3       100%        4
 Manifold Assault         Tloc           0%         N/A       100%        4
 Dispersal                Tloc           0%         N/A       100%        6
 Disjunction              Tloc           0%         N/A       100%        8


Dungeon Overview and Level Annotations

Branches:
Dungeon (4/15)
 Temple: D:4-7

Altars:

Shops:
D:3 [


Innate Abilities, Weirdness & Mutations

You have a pair of small antennae on your head.
A demonic guardian rushes to your aid.


Message History

Found 6 poisoned darts.
The orc shouts!
You hear a shout!
An orc priest comes into view. It is wielding a +0 club.
You start waiting.
An orc is nearby!
You hit the orc.
The orc is heavily wounded.
The orc hits you but does no damage.
You closely miss the orc.
The orc is heavily wounded.
The orc barely misses you. The orc hits you but does no damage.
You slash the orc!
You kill the orc!
No target in view!
Things that are here:
a +0 club; an orc corpse You start waiting.
An orc priest is nearby!
The orc priest shouts!
You hear a shout!
The orc priest hits you but does no damage.
You slash the orc priest!
The orc priest is severely wounded.
The orc priest hits you but does no damage.
The orc priest calls down the wrath of Beogh upon you.
Pain shoots through your body!
A demonic guardian appears!
You barely miss the orc priest.
The orc priest is severely wounded.
The orc priest barely misses you.
You closely miss the orc priest.
The orc priest is severely wounded.
Your hellwing swoops through the air toward the orc priest!
Your hellwing hits the orc priest!
The orc priest dies!
Your Axes skill increases to level 3!
You have reached level 5!
You feel monstrous as your demonic heritage exerts itself.
Your demonic ancestry asserts itself...
A pair of antennae grows on your head!
Okay, then.
Are you sure you want to abandon this character and quit the game? (Confirm with "yes".)

#......<.#
.........#
.........##
..###.....###
### .
##.....†.##..##
#............<#
#......)..###.#
#..######..#
#.# #@## .# #)#
#4# ... ..(
..... .....
.......


You could see a friendly hellwing (summoned).

Vanquished Creatures
  Terence (D:3)
  3 adders
  2 dart slugs
  A ribbon worm (D:2)
  7 orcs
  8 endoplasms
  3 giant cockroaches
  4 goblins
  5 hobgoblins
  4 jackals (D:1)
  4 quokkas
  6 ball pythons
  4 bats
  4 frilled lizards
  2 kobolds
  9 rats
67 creatures vanquished.

Vanquished Creatures (collateral kills)
  An orc priest (D:4)
  An endoplasm (D:2)
2 creatures vanquished.

Grand Total: 69 creatures vanquished

Notes
Turn   | Place    | Note
-------+----------+-------------------------------------------
     0 | D:1      | grandjackal the Demonspawn Fighter began the quest for the
                  | Orb.
     0 | D:1      | Reached XP level 1. HP: 18/18 MP: 1/1
   173 | D:1      | Gained mutation: A weak demonic guardian rushes to your
                  | aid. [demonic ancestry]
   173 | D:1      | Reached XP level 2. HP: 24/24 MP: 2/2
  1138 | D:2      | Gained mutation: A demonic guardian rushes to your aid.
                  | [demonic ancestry]
  1138 | D:2      | Reached XP level 3. HP: 23/29 MP: 3/3
  1931 | D:3      | Reached XP level 4. HP: 36/37 MP: 4/4
  1952 | D:3      | Noticed Terence
  1961 | D:3      | Killed Terence
  2231 | D:3      | Found Irymemia's Antique Armour Emporium.
  2239 | D:3      | Bought a pair of embroidered gloves for 127 gold pieces
  2408 | D:3      | Reached skill level 4 in Fighting
  3029 | D:4      | Discovered your monstrous ancestry.
  3029 | D:4      | Gained mutation: You have a pair of small antennae on your
                  | head. [demonic ancestry]
  3029 | D:4      | Reached XP level 5. HP: 28/42 MP: 5/5
  3029 | D:4      | Quit the game

Illustrated notes

Levels and vault maps discovered:
D:1:      minmay_arrival_four_circles, layout_basic
D:2:      minmay_inner_zag, layout_loops_ring, chequers_serial_rivers_small_a
D:3:      layout_basic, serial_shops, shop, kennysheep_small_spiral,
          uniq_terence
D:4:      layout_layer_cave, nemelex_xobeh_ov_fountains_minmay, uniq_ijyb

Skill      XL: |  1  2  3  4 |
---------------+-------------+-----
Axes           | 2 3 |  3.0
Armour         | 3 |  3.0
Shields        | 3 |  3.7
Fighting       | 4 |  4.1

Action                     |  1- 3 |  4- 6 || total
---------------------------+-------+-------++-------
  Melee: War axe           |   106 |    71 ||   177
 Armour: Scale mail        |    67 |    48 ||   115
  Dodge: Dodged            |    32 |    30 ||    62
  Block: Buckler           |    23 |    16 ||    39

Table legend: (Time is in decaauts)
 A = Elapsed time spent in this place.
 B = Non-inter-level travel time spent in this place.
 C = Inter-level travel time spent in this place.
 D = Time resting spent in this place.
 E = Time spent auto-exploring this place.
 F = Levels seen in this place.
 G = Mean time per level.
                   A        B        C        D        E       F      G
               +--------+--------+--------+--------+--------+-----+--------+
         Total |   3105 |   3000 |    105 |     98 |   2424 |   4 |  776.2 |
       Dungeon |   3105 |   3000 |    105 |     98 |   2424 |   4 |  776.2 |
               +--------+--------+--------+--------+--------+-----+--------+

Top non-repeatable levels by time:
     D:3: 1176 daAuts
     D:1: 1078 daAuts
     D:2: 777 daAuts
     D:4: 73 daAuts
